[Event "NJSK 2018 Jeugd A"]
[Site "Assen, Netherlands"]
[Date "2018.04.29"]
[Round "1.1"]
[White "Mesman, Edwyn"]
[Black "Vrolijk, Liam"]
[Result "0-1"]
[TimeControl "40/90m+30m+30sec/move"]
[WhiteElo "2082"]
[BlackElo "2432"]

1. d4 Nf6 2. c4 e6 3. Nc3 Bb4 4. Qc2 c5 5. dxc5 Qc7 6. Nf3 a6 7. g3 Bxc5 8. Bg2 O-O 9. O-O Be7 10.
b3 d6 11. Nd4 Nc6 12. Nxc6 bxc6 13. Bb2 d5 14. cxd5 cxd5 15. Rac1 Qa7 16. Na4 Bd7 17. Qd2 Bxa4 18. bxa4 Rac8 19.
Bd4 Qd7 20. Qa5 Qd6 21. Rfd1 Nd7 22. e3 Bd8 23. Qd2 Bb6 24. e4 Rxc1 25. Qxc1 Bxd4 26. Rxd4 Nf6 27. exd5 exd5 28. Bf3 Rd8 29.
Kg2 h6 30. Qf4 Qxf4 31. Rxf4 a5 32. Rd4 Kf8 33. Kf1 Rb8 34. Ke2 Ke7 35. Rd3 Rb2+ 36. Rd2 Rxd2+ 37. Kxd2 Kd6 38. Kc3 Kc5 39.
a3 Ne4+ 40. Bxe4 dxe4 41. h4 h5 42. Kd2 Kd4 43. Ke2 f6 44. f3 e3 45. g4 hxg4 0-1

[Event "NJSK 2018 Jeugd A"]
[Site "Assen, Netherlands"]
[Date "2018.04.29"]
[Round "1.2"]
[White "Schoppen, Casper"]
[Black "Pols, Wiggert"]
[Result "1/2-1/2"]
[TimeControl "40/90m+30m+30sec/move"]
[WhiteElo "2396"]
[BlackElo "2068"]

1. e4 c5 2. Nf3 Nc6 3. d4 cxd4 4. Nxd4 e5 5. Nb5 d6 6.
N1c3 a6 7. Na3 b5 8. Nd5 Nge7 9. g3 Nxd5 10. exd5 Ne7 11. Bg2 g6 12. O-O Bg7 13. c3 f5 14. Nc2 O-O 15. a4 Bb7 16. Nb4 e4 17. axb5 axb5 18. Bg5 h6 19. Rxa8 Bxa8 20. Bxe7 Qxe7 21. Qe2 Rb8 22. f3 Qa7+ 23. Kh1 e3 24. Re1 f4 25. gxf4 Qf7 26. Qxe3 Bxd5 27. Qd2 Bc4 28. Qxd6 Re8 29. Rxe8+ Qxe8 30. Qd2 Bf8 31. Nc2 Qf7 32. Qd4 h5 33. Ne3 Bh6 34. Nxc4 bxc4 35. Bf1 Qxf4 36. Bxc4+ Kh7 37. Qxf4 Bxf4 38. Bf7 Kg7 39. Be8 h4 40. Kg2 g5 41. h3 Bc1 42. b3 Bd2 43. c4 Kf6 44. Kf2 Ke7 45. Ke2 Bb4 46. Bg6 Kd6 47. Ke3 Kc5 48. f4 gxf4+ 49. Kxf4 Be1 50. Bf7 Kb4 51. Ke4 Kc5 52. b4+ Bxb4 1/2-1/2

[Event "NJSK 2018 Jeugd A"]
[Site "Assen, Netherlands"]
[Date "2018.04.29"]
[Round "1.3"]
[White "Van Hoorn, Geert"]
[Black "Warmerdam, Max"]
[Result "0-1"]
[TimeControl "40/90m+30m+30sec/move"]
[WhiteElo "2008"]
[BlackElo "2378"]

1. e4 e5 2. f4 exf4 3. Nf3 d6 4. d4 g5 5. Bc4 Bg7 6. O-O Nc6 7. c3 h6 8. Qa4 Bd7 9. Qb3 Na5 10.
Bxf7+ Ke7 11. Qa3 Kxf7 12. Qxa5 Kg6 13. g3 fxg3 14. hxg3 c5 15. Qa3 Bh3 16. Rf2 Nf6 17. Nbd2 Ng4 18.
Re2 Rf8 19. Qb3 Rxf3 20. Nxf3 Qf6 21. Nh2 Rf8 22. Bd2 Nxh2 23. Kxh2 Bf1 24. Rxf1 Qxf1 25. Rg2 cxd4 26. cxd4 Bxd4 27.
Qe6+ Qf6 28. Qxf6+ Kxf6 29. Bb4 Ke5 30. Kh3 Rf2 31. Rxf2 Bxf2 32. Kg4 Bc5 33. Bd2 Kxe4 34. Kh5 Be3 0-1

[Event "NJSK 2018 Jeugd A"]
[Site "Assen, Netherlands"]
[Date "2018.04.29"]
[Round "1.4"]
[White "Van Dael, Siem"]
[Black "Bueno, Mark"]
[Result "1-0"]
[TimeControl "40/90m+30m+30sec/move"]
[WhiteElo "2268"]
[BlackElo "1999"]

1. e4 e5 2. Nf3 Nc6 3. Bc4 Bc5 4. c3 Nf6 5. d3 d6 6. O-O O-O 7. Bg5 h6 8. Bh4 Bg4 9. a4 a5 10.
Na3 g5 11. Bg3 Bb6 12. Ba2 Qe7 13. Nc4 Ba7 14. Ne3 Bxe3 15. fxe3 Kg7 16. Qc2 Bh5 17. h3 Bg6 18. Rf2 Nd7 19.
Raf1 f5 20. exf5 Rxf5 21. e4 Rff8 22. Re2 Nf6 23. Ref2 Nh5 24. Bh2 Rae8 25. Qd2 Nf4 26. Bxf4 Rxf4 27. g3 Rff8 28. Nh2 Rxf2 29. Rxf2 Rf8 30. Ng4 Qe8 31.
h4 h5 32. Qxg5 hxg4 33. Rxf8 Kxf8 34. Qf6+ Bf7 35. h5 Kg8 36. h6 Qf8 37. Qg6+ Kh8 38. Bxf7 Ne7 39. Qf6 Kh7 40. Bg8 Qxg8 41.
Qxe7 Kxh6 42. Qh4 Kg7 43. Qxg4+ Kh7 44. Qxg8 Kxg8 45. Kf2 Kf7 46. Kf3 Kf6 47. Kg4 Kg6 48. Kh4 Kh6 49. g4 Kg6 50.
g5 c6 51. Kg4 d5 52. Kh4 dxe4 53. dxe4 b5 54. b3 1-0

[Event "NJSK 2018 Jeugd A"]
[Site "Assen, Netherlands"]
[Date "2018.04.29"]
[Round "1.5"]
[White "Bekedam, Tyro"]
[Black "Kokje, Joris"]
[Result "0-1"]
[TimeControl "40/90m+30m+30sec/move"]
[WhiteElo "1955"]
[BlackElo "2265"]

1. e4 c5 2. Nf3 d6 3. d4 cxd4 4. Nxd4 Nf6 5. Nc3 a6 6. Be3 e5 7. Nb3 Be7 8. f3 h5 9. Qd2 Be6 10.
O-O-O Nbd7 11. Kb1 b5 12. Bd3 Rc8 13. Rhf1 O-O 14. f4 Nb6 15. f5 Nc4 16. Bxc4 Bxc4 17. Rfe1 b4 18. Nd5 Bxd5 19.
exd5 a5 20. Qd3 Qc7 21. Nd2 Rfe8 22. Ne4 Qc4 23. Bc1 Qxd3 24. Rxd3 Rc4 25. Nd2 Rc5 26. Ne4 Rc4 27. Nd2 Rf4 28.
Nb3 Rxf5 29. Nxa5 Rf2 30. Rd2 Rxd2 31. Bxd2 Nxd5 32. Nc6 Rc8 33. Nxe7+ Nxe7 34. Bxb4 Nf5 35. b3 f6 36. c4 Kf7 37.
Kb2 Ke6 38. a4 d5 39. c5 d4 40. Kc2 Ne3+ 41. Kd2 Rb8 42. Ba5 Rxb3 43. Rc1 Rb2+ 44. Ke1 Rxg2 45. c6 d3 46. c7 Re2# 0-1

[Event "NJSK 2018 Jeugd A"]
[Site "Assen, Netherlands"]
[Date "2018.04.29"]
[Round "1.6"]
[White "Van Baar, Esper"]
[Black "Reichardt, Robin"]
[Result "1-0"]
[TimeControl "40/90m+30m+30sec/move"]
[WhiteElo "2237"]
[BlackElo "1936"]

1. Nf3 Nf6 2. g3 d5 3. Bg2 c5 4. O-O Nc6 5. d4 Bf5 6. c4 e6 7. cxd5 exd5 8. Nc3 Be7 9. dxc5 Bxc5 10.
Bg5 d4 11. Na4 Be7 12. Rc1 O-O 13. Nc5 Qb6 14. Nh4 Bg4 15. Nd3 Rac8 16. h3 Be6 17. Qa4 h6 18. Bxf6 Bxf6 19. Nf3 Bf5 20.
Nd2 Bxd3 21. exd3 Ne5 22. Qa3 Rfe8 23. Be4 Nc6 24. Nc4 Qb4 25. Nd6 Qxa3 26. bxa3 Be7 27. Nxe8 Bxa3 28. Rc4 Rxe8 29.
Bxc6 bxc6 30. Rxd4 Re2 31. Rc4 Rd2 32. Rxc6 Rxd3 33. Rc2 a5 34. Rb1 Bb4 35. Kg2 Kf8 36. Rb3 Rd6 37. Kf3 Rf6+ 38.
Ke2 Ke7 39. Rd3 Rb6 40. Rc7+ Ke6 41. Re3+ Kf6 42. Rf3+ Kg6 43. Rfxf7 Bc3 44. Rb7 Rd6 45. Rfd7 Re6+ 46. Kd3 Bf6 47. Rb5 Ra6 48. Rdd5 a4 49. Ra5 1-0

[Event "NJSK 2018 Jeugd A"]
[Site "Assen, Netherlands"]
[Date "2018.04.29"]
[Round "1.7"]
[White "Kanbier, Max"]
[Black "De Boer, Bas"]
[Result "1/2-1/2"]
[TimeControl "40/90m+30m+30sec/move"]
[WhiteElo "1857"]
[BlackElo "2159"]

1. f4 Nf6 2. Nf3 d6 3. Nc3 Nc6 4. e4 e5 5. Bb5 Bd7 6. d3 Nd4 7. Bxd7+ Qxd7 8. Be3 Nc6 9. Qe2 O-O-O 10. O-O-O Ng4 11. d4 Nxe3 12. Qxe3 exf4 13. Qxf4 g5 14. Nxg5 Bh6 15. h4 f6 16. Qxf6 Bg7 17. Qf5 Nxd4 18.
Qh3 Rhf8 19. Rhf1 h6 20. Qxd7+ Kxd7 21. Nf3 Nxf3 22. Rxf3 Rxf3 23. gxf3 Rf8 24. Rd3 Rf4 25. h5 Rh4 26.
Ne2 Be5 27. f4 Bxf4+ 28. Nxf4 Rxf4 29. e5 Rf5 30. exd6 Rxh5 31. dxc7+ Kxc7 32. Kd2 Rh2+ 1/2-1/2

[Event "NJSK 2018 Jeugd A"]
[Site "Assen, Netherlands"]
[Date "2018.04.29"]
[Round "1.8"]
[White "Nguyen, Kevin"]
[Black "Gijsen, William"]
[Result "1-0"]
[TimeControl "40/90m+30m+30sec/move"]
[WhiteElo "2122"]
[BlackElo "1825"]

1. e4 c5 2. Nc3 g6 3. g3 Bg7 4. Bg2 Nc6 5. d3 d6 6. f4 e5 7. Nf3 Nge7 8. Be3 Nd4 9. Bf2 Bg4 10.
h3 Bxf3 11. Bxf3 Nxf3+ 12. Qxf3 Rc8 13. O-O f6 14. f5 Qd7 15. Be3 h5 16. g4 hxg4 17. hxg4 gxf5 18. gxf5 Kd8 19. Rf2 Kc7 20.
Rg2 Bf8 21. Rf1 Kb8 22. Rff2 b5 23. a3 b4 24. axb4 cxb4 25. Nb1 Qa4 26. c3 a5 27. d4 Qa2 28. Qd1 Qc4 29. dxe5 dxe5 30.
Qd6+ Qc7 31. Qxf6 Rh3 32. Bb6 Qd7 33. Qxe5+ Kb7 34. Rd2 Qc6 35. Bd4 Bh6 36. Qxe7+ Rc7 37. Qe6 1-0

[Event "NJSK 2018 Jeugd A"]
[Site "Assen, Netherlands"]
[Date "2018.04.29"]
[Round "1.9"]
[White "Van der Werf, Joel"]
[Black "Jongste, David"]
[Result "0-1"]
[TimeControl "40/90m+30m+30sec/move"]
[WhiteElo "1842"]
[BlackElo "2092"]

1. e4 c5 2. Nf3 a6 3. c3 Nf6 4. e5 Nd5 5. d4 cxd4 6. cxd4 d6 7. Nc3 Nxc3 8. bxc3 d5 9. Bd3 g6 10.
O-O Bg7 11. Re1 Bg4 12. h3 Bxf3 13. Qxf3 Nc6 14. Bc2 Qd7 15. Qg3 O-O 16. f4 Rac8 17. f5 Nxd4 18. cxd4 Rxc2 19. Rf1 Rfc8 20.
Bg5 Re2 21. fxg6 hxg6 22. Rf2 Qa4 23. Qg4 Rcc2 24. Rxe2 Rxe2 25. Rc1 Re4 26. Rc8+ Bf8 27. Qg3 Qxd4+ 28. Kh2 Kg7 29. Rc7 Qxe5 30.
Qxe5+ Rxe5 31. Bc1 Re2 32. a3 e6 33. Bf4 Bxa3 34. Rxb7 e5 35. Rb3 Be7 36. Bg3 d4 0-1

[Event "NJSK 2018 Jeugd A"]
[Site "Assen, Netherlands"]
[Date "2018.04.30"]
[Round "2.1"]
[White "Vrolijk, Liam"]
[Black "Van Baar, Esper"]
[Result "1/2-1/2"]
[TimeControl "40/90m+30m+30sec/move"]
[WhiteElo "2432"]
[BlackElo "2237"]

1. Nf3 Nf6 2. g3 d5 3. Bg2 e6 4. c4 Be7 5. O-O O-O 6. d4 dxc4 7. Ne5 Nc6 8. Nxc6 bxc6 9. Na3 Bxa3 10.
bxa3 Ba6 11. Qd2 Rb8 12. Qa5 Qc8 13. a4 Rd8 14. Ba3 c3 15. Qxc3 Bxe2 16. Rfc1 Nd5 17. Qxc6 Qa6 18. Bxd5 Rxd5 19.
Rab1 Rbd8 20. Be7 Qxc6 21. Rxc6 Re8 22. Rxc7 Rxd4 23. Rxa7 h6 24. Bc5 Rd5 25. Bb6 Bf3 26. Rc1 e5 27.
a5 Rd2 28. a4 Re6 29. Rac7 Red6 30. Re1 Rd1 31. Rc1 Rxc1 32. Rxc1 Rd1+ 33. Rxd1 Bxd1 34. a6 Bxa4 35. a7 Bc6 36.
Kf1 f5 37. Ke2 Kf7 38. Kd3 Ke6 39. Kc4 h5 40. Bd8 Ba8 41. Kc5 Kd7 42. Ba5 g6 43. Bc3 e4 44. Bd2 Bb7 45. h4 1/2-1/2

[Event "NJSK 2018 Jeugd A"]
[Site "Assen, Netherlands"]
[Date "2018.04.30"]
[Round "2.2"]
[White "Warmerdam, Max"]
[Black "Nguyen, Kevin"]
[Result "1-0"]
[TimeControl "40/90m+30m+30sec/move"]
[WhiteElo "2378"]
[BlackElo "2122"]

1. e4 c5 2. Nf3 g6 3. d4 cxd4 4. Nxd4 Nc6 5. c4 Nf6 6. Nc3 d6 7. Be2 Nxd4 8. Qxd4 Bg7 9. Be3 O-O 10.
Qd2 Ng4 11. Bxg4 Bxg4 12. Bd4 Be6 13. Bxg7 Kxg7 14. b3 Qa5 15. O-O Rac8 16. Rae1 a6 17. Qd4+ f6 18. Nd5 Bxd5 19. exd5 Rfe8 20.
Re2 Qc5 21. Qd2 b5 22. Rfe1 Qa7 23. cxb5 axb5 24. Re6 Qd7 25. h4 Rc5 26. R1e4 Qc7 27. Qe3 Kf7 28. Qh6 Kg8 29. Rxf6 Qd7 30.
Rxg6+ hxg6 31. Qxg6+ Kh8 32. Qh6 Kg8 33. Qg6+ Kh8 34. Qh5 Kg8 35. Re6 1-0

[Event "NJSK 2018 Jeugd A"]
[Site "Assen, Netherlands"]
[Date "2018.04.30"]
[Round "2.3"]
[White "Kokje, Joris"]
[Black "Van Dael, Siem"]
[Result "1-0"]
[TimeControl "40/90m+30m+30sec/move"]
[WhiteElo "2265"]
[BlackElo "2268"]

1. d4 Nf6 2. c4 g6 3. f3 Bg7 4. e4 d6 5. Nc3 O-O 6. Nge2 c5 7. d5 e6 8. Ng3 exd5 9. cxd5 h5 10.
Bg5 Qb6 11. Qd2 Nh7 12. Bh4 Nd7 13. Be2 Ne5 14. f4 Ng4 15. h3 Ngf6 16. O-O Re8 17. Rae1 a6 18. Kh1 Qd8 19. Bf3 Bd7 20.
e5 Ne4 21. Ngxe4 Qxh4 22. Nxd6 Re7 23. e6 fxe6 24. dxe6 Bc6 25. Bxc6 bxc6 26. Qc2 Nf8 27. f5 Rd8 28. Nce4 1-0

[Event "NJSK 2018 Jeugd A"]
[Site "Assen, Netherlands"]
[Date "2018.04.30"]
[Round "2.4"]
[White "Jongste, David"]
[Black "Schoppen, Casper"]
[Result "1/2-1/2"]
[TimeControl "40/90m+30m+30sec/move"]
[WhiteElo "2092"]
[BlackElo "2396"]

1. e4 e5 2. Nf3 Nc6 3. Bb5 a6 4. Ba4 Nf6 5. O-O Be7 6. Re1 b5 7. Bb3 d6 8. c3 O-O 9. h3 Bb7 10.
d4 Re8 11. Ng5 Rf8 12. Nf3 Nd7 13. Nbd2 Bf6 14. Nf1 Na5 15. Bc2 Re8 16. Ng3 g6 17. Rb1 exd4 18. cxd4 c5 19. d5 Nc4 20.
b3 Nce5 21. Nh2 Nb6 22. f4 Ned7 23. Nf3 Bg7 24. a4 b4 25. Bd3 Rc8 26. Kh2 a5 27. Bb5 Rf8 28. Qd3 c4 29. bxc4 Nc5 30.
Qd1 Ba6 31. e5 Bxb5 32. axb5 Nxc4 33. e6 Qb6 34. f5 fxe6 35. dxe6 Qb7 36. e7 Rfe8 37. Bg5 Nd7 38. Re6 Nde5 39.
Nxe5 Nxe5 40. fxg6 hxg6 41. Rxd6 Qxb5 42. Rd5 Qb8 43. Rxa5 Kh7 44. Qd5 Rc2 45. Qe4 Rc4 46. Qe2 Qc7 47.
Rd5 Rc2 48. Rd2 Rc3 49. Bh4 Rc4 50. Bg5 Rc3 51. Bh4 Rc4 52. Bg5 Rc3 1/2-1/2

[Event "NJSK 2018 Jeugd A"]
[Site "Assen, Netherlands"]
[Date "2018.04.30"]
[Round "2.5"]
[White "Pols, Wiggert"]
[Black "Kanbier, Max"]
[Result "1/2-1/2"]
[TimeControl "40/90m+30m+30sec/move"]
[WhiteElo "2068"]
[BlackElo "1857"]

1. e4 c6 2. Nc3 d5 3. Nf3 dxe4 4. Nxe4 Nf6 5. Nxf6+ exf6 6. d4 Bd6 7. Be2 O-O 8. O-O Nd7 9.
c4 Re8 10. Qc2 Nf8 11. Rd1 Qc7 12. c5 Be7 13. b4 Be6 14. a4 Ng6 15. b5 f5 16. a5 Bd7 17. Bd3 cxb5 18. Bxf5 Rac8 19.
Bxg6 hxg6 20. Ne5 Bf5 21. Qb3 Bxc5 22. Bf4 g5 23. Bg3 Bd6 24. Qxb5 a6 25. Qb2 f6 26. Nd3 Bxg3 27. hxg3 Bxd3 28.
Rxd3 Qc2 29. Qxc2 Rxc2 30. d5 Ree2 31. d6 Red2 32. Rd1 Rxf2 33. d7 Rxg2+ 34. Kh1 1/2-1/2

[Event "NJSK 2018 Jeugd A"]
[Site "Assen, Netherlands"]
[Date "2018.04.30"]
[Round "2.6"]
[White "De Boer, Bas"]
[Black "Mesman, Edwyn"]
[Result "0-1"]
[TimeControl "40/90m+30m+30sec/move"]
[WhiteElo "2159"]
[BlackElo "2082"]

1. Nf3 Nf6 2. c4 e6 3. Nc3 d5 4. e3 Be7 5. b3 O-O 6. Bb2 b6 7. cxd5 Nxd5 8. Nxd5 Qxd5 9. Bc4 Qd8 10.
Ne5 Bb7 11. Qg4 Bf6 12. d4 c5 13. O-O cxd4 14. exd4 a6 15. Rfe1 g6 16. Re3 b5 17. Bd3 Nd7 18. Rd1 Bg7 19.
Rh3 Nf6 20. Qe2 Qd5 21. f3 Rac8 22. g4 Qd6 23. Bb1 Nd5 24. Qd2 b4 25. Be4 Nc3 26. Nc4 Rxc4 27. bxc4 Nxd1 28. Qxd1 Bxe4 29.
fxe4 Rd8 30. Rd3 Qc6 31. d5 Qc5+ 32. Bd4 Bxd4+ 0-1

[Event "NJSK 2018 Jeugd A"]
[Site "Assen, Netherlands"]
[Date "2018.04.30"]
[Round "2.7"]
[White "Reichardt, Robin"]
[Black "Van Hoorn, Geert"]
[Result "1-0"]
[TimeControl "40/90m+30m+30sec/move"]
[WhiteElo "1936"]
[BlackElo "2008"]

1. d4 Nf6 2. c4 c5 3. d5 b5 4. cxb5 a6 5. bxa6 Bxa6 6. Nc3 g6 7. e4 Bxf1 8. Kxf1 d6 9. Nf3 Bg7 10.
g3 O-O 11. Kg2 Nbd7 12. a4 Ra6 13. Qc2 Qa8 14. Ra3 c4 15. Nb5 Rc8 16. Nfd4 Nc5 17. Nc6 Rcxc6 18. dxc6 Qxc6 19. Qxc4 Nfxe4 20. f3 Nf6 21. b4 e5 22. bxc5 d5 23. Qb4 Nd7 24. Nd6 Bf8 25. Qb7 Qxc5 26. Qxa6 Qc2+ 27. Kh3 Nf6 28. Qc8 Qe2 29.
Bh6 1-0

[Event "NJSK 2018 Jeugd A"]
[Site "Assen, Netherlands"]
[Date "2018.04.30"]
[Round "2.8"]
[White "Bueno, Mark"]
[Black "Van der Werf, Joel"]
[Result "0-1"]
[TimeControl "40/90m+30m+30sec/move"]
[WhiteElo "1999"]
[BlackElo "1842"]

1. e4 e5 2. Nf3 Nc6 3. Bb5 a6 4.
Ba4 Nf6 5. O-O Be7 6. Re1 b5 7. Bb3 d6 8. c3 O-O 9. h3 Na5 10. Bc2 c5 11. d4 Nd7 12. d5 Nb6 13. b3 c4 14.
b4 Nb7 15. Nbd2 a5 16. Nf1 axb4 17. cxb4 Na4 18. Re3 Bd7 19. Ng3 Qc7 20. Nf5 Bf6 21. g4 g6 22. g5 Bd8 23. Nh2 Kh8 24.
Rg3 f6 25. Nh4 fxg5 26. N4f3 h6 27. h4 Kg7 28. hxg5 h5 29. Nh4 Qc8 30. f4 exf4 31. Qd4+ Kh7 32. Rg2 Bb6 0-1

[Event "NJSK 2018 Jeugd A"]
[Site "Assen, Netherlands"]
[Date "2018.04.30"]
[Round "2.9"]
[White "Gijsen, William"]
[Black "Bekedam, Tyro"]
[Result "0-1"]
[TimeControl "40/90m+30m+30sec/move"]
[WhiteElo "1825"]
[BlackElo "1955"]

1. e4 c5 2. Nc3 Nc6 3. f4 g6 4. Nf3 Bg7 5. Bc4 e6 6. O-O Nge7 7. d3 O-O 8. Qe1 b6 9. Qh4 Nd4 10.
Bb3 d5 11. Nd1 dxe4 12. dxe4 Nxf3+ 13. gxf3 Ba6 14. c4 Nc6 15. Qh3 Qd3 16. Nf2 Qe2 17. Ng4 Bxc4 18. Bxc4 Qxc4 19. f5 exf5 20.
exf5 gxf5 21. Nh6+ Kh8 22. Kh1 Ne5 23. Bd2 Nd3 24. Qxf5 Rad8 25. Bg5 f6 26. Be3 Qd5 27. Qh3 f5 28.
Rad1 Qe6 29. Bg5 Nf2 30. Rde1 0-1

[Event "NJSK 2018 Jeugd A"]
[Site "Assen, Netherlands"]
[Date "2018.05.01"]
[Round "3.1"]
[White "Kokje, Joris"]
[Black "Warmerdam, Max"]
[Result "1/2-1/2"]
[TimeControl "40/90m+30m+30sec/move"]
[WhiteElo "2265"]
[BlackElo "2378"]

1. d4 Nf6 2. c4 e6 3. Nf3 c5 4. g3 cxd4 5. Nxd4 d5 6. Bg2 e5 7. Nb3 d4 8. O-O Nc6 9. f4 e4 10.
f5 g6 11. Bg5 Be7 12. fxg6 hxg6 13. Bxf6 Bxf6 14. N1d2 e3 15. Ne4 Be5 16. c5 O-O 17. Nd6 Bxd6 18. cxd6 Qxd6 19. Bxc6 Qxc6 20.
Nxd4 Qb6 21. Qd3 Bh3 22. Rf4 Qxb2 23. Rd1 Rac8 24. Qxe3 Rfe8 25. Qf2 Rc1 26. Qe1 Rec8 27. Nb3 Rxd1 28.
Qxd1 Re8 29. Kf2 Qxa2 30. g4 Qb2 31. Nd4 Qb6 32. Qc1 Qd6 33. Nf3 b5 34. Kg3 Re4 35. e3 Rxf4 36. exf4 Qd3 37.
Qc6 Bf1 38. Qe8+ Kg7 39. Qe5+ Kg8 40. Qe8+ Kg7 41. Qe5+ Kg8 1/2-1/2

[Event "NJSK 2018 Jeugd A"]
[Site "Assen, Netherlands"]
[Date "2018.05.01"]
[Round "3.2"]
[White "Van Baar, Esper"]
[Black "Jongste, David"]
[Result "1-0"]
[TimeControl "40/90m+30m+30sec/move"]
[WhiteElo "2237"]
[BlackElo "2092"]

1. e4 c5 2. Nf3 e6 3. d4 cxd4 4. Nxd4 a6 5. Nc3 Qc7 6. Bd3 Nc6 7. Be3 Nf6 8. O-O b5 9. Qe2 Bb7 10.
a3 Rc8 11. f4 Nxd4 12. Bxd4 Bc5 13. Bxc5 Qxc5+ 14. Kh1 d5 15. exd5 Nxd5 16. Nxd5 Qxd5 17. f5 e5 18. Rad1 f6 19.
Rf3 O-O 20. Re3 Rfd8 21. Ra1 Qd4 22. c3 Qd7 23. h3 Rc5 24.
Bc2 Qd2 25. Rd1 Bxg2 26. Kh2 Rcd5 27. Rxd2 Rxd2 28. Bb3+ Kh8 29. Qe1 Bf3 30. Kg3 e4 31. c4 g5 32. fxg6 hxg6 33. Kf4 Kg7 34.
cxb5 axb5 35. Rc3 Re8 36. Qxd2 Re5 37. Rc7+ Kh6 38. Qd8 Rf5+ 39. Ke3 1-0

[Event "NJSK 2018 Jeugd A"]
[Site "Assen, Netherlands"]
[Date "2018.05.01"]
[Round "3.3"]
[White "Van Dael, Siem"]
[Black "Vrolijk, Liam"]
[Result "1/2-1/2"]
[TimeControl "40/90m+30m+30sec/move"]
[WhiteElo "2268"]
[BlackElo "2432"]

1. e4 e6 2. d4 d5 3. Nc3 Nf6 4. Bg5 Bb4 5. e5 h6 6. Be3 Ne4 7. Qg4 Kf8 8. a3 Bxc3+ 9. bxc3 Nxc3 10. Bd3 Nc6 11. Nf3 Na4 12.
h4 Nb2 13. h5 Nxd3+ 14. cxd3 Ne7 15. Qf4 b6 16. Rh3 Ke8 17. g4 Ba6 18. Rd1 Rc8 19. Nh4 Nc6 20. Nf3 Ne7 21. Nh4 Nc6 22.
Nf3 Ne7 1/2-1/2

[Event "NJSK 2018 Jeugd A"]
[Site "Assen, Netherlands"]
[Date "2018.05.01"]
[Round "3.4"]
[White "Schoppen, Casper"]
[Black "Bekedam, Tyro"]
[Result "1-0"]
[TimeControl "40/90m+30m+30sec/move"]
[WhiteElo "2396"]
[BlackElo "1955"]

1. d4 Nf6 2. c4 e6 3. Nf3 d5 4. Nc3 Bb4 5. cxd5 exd5 6. Bg5 h6 7. Bh4 O-O 8. e3 c6 9. Bd3 Nbd7 10.
O-O Re8 11. Qc2 Qa5 12. Nd2 c5 13. Nb3 Qc7 14. dxc5 Bxc5 15. Bxf6 gxf6 16. Nxd5 Qd6 17. Rfd1 Kg7 18. Bb5 Re5 19.
Bxd7 Rxd5 20. Rxd5 Qxd5 21. Rd1 1-0

[Event "NJSK 2018 Jeugd A"]
[Site "Assen, Netherlands"]
[Date "2018.05.01"]
[Round "3.5"]
[White "Nguyen, Kevin"]
[Black "Reichardt, Robin"]
[Result "0-1"]
[TimeControl "40/90m+30m+30sec/move"]
[WhiteElo "2122"]
[BlackElo "1936"]

1. Nf3 d5 2. g3 Nf6 3. Bg2 c6 4. O-O Bf5 5. d3 e6 6. c3 Nbd7 7. Nbd2 h6 8. Qc2 Be7 9. a3 a5 10.
b3 O-O 11. Bb2 Bh7 12. Rac1 b5 13. Qb1 Qb6 14. Qa1 Rab8 15. Rb1 e5 16. Ne1 e4 17. dxe4 Nxe4 18. Nxe4 dxe4 19. Bc1 Bf6 20.
Be3 c5 21. Rd1 Qe6 22. Qc1 Rfd8 23. Qc2 Bg5 24. Bxg5 hxg5 25. Qb2 Nf6 26. Rxd8+ Rxd8 27. b4 e3 28. Nf3 exf2+ 29. Kh1 Ne4 30.
bxc5 Qh6 0-1

[Event "NJSK 2018 Jeugd A"]
[Site "Assen, Netherlands"]
[Date "2018.05.01"]
[Round "3.6"]
[White "Mesman, Edwyn"]
[Black "Kanbier, Max"]
[Result "1-0"]
[TimeControl "40/90m+30m+30sec/move"]
[WhiteElo "2082"]
[BlackElo "1857"]

1. d4 Nf6 2. c4 e5 3. dxe5 Ng4 4. Bf4 Nc6 5. Nf3 Bb4+ 6. Nbd2 Qe7 7. e3 Ngxe5 8. Nxe5 Nxe5 9. Be2 O-O 10.
O-O Bxd2 11. Qxd2 d6 12. Qc3 f6 13. Rfc1 Bf5 14. b4 Rfd8 15. h3 Kh8 16. a3 Rac8 17. a4 d5 18. c5 g5 19.
Bg3 Qg7 20. Rd1 c6 21. Rac1 Rd7 22. b5 Re8 23. Qa5 Be4 24. Qxa7 f5 25. Bxe5 Qxe5 26. bxc6 Rg7 27. cxb7 g4 28.
hxg4 fxg4 29. c6 g3 30. f4 Qd6 31. Kf1 Rg6 32. c7 Rh6 33. Qd4 Kg8 34. Ke1 1-0

[Event "NJSK 2018 Jeugd A"]
[Site "Assen, Netherlands"]
[Date "2018.05.01"]
[Round "3.7"]
[White "Van der Werf, Joel"]
[Black "Pols, Wiggert"]
[Result "0-1"]
[TimeControl "40/90m+30m+30sec/move"]
[WhiteElo "1842"]
[BlackElo "2068"]

1. e4 c5 2. Nf3 Nc6 3. d4 cxd4 4. Nxd4 e5 5. Nb5 d6 6. N1c3 a6 7. Na3 b5 8. Nd5 Nge7 9. c4 Nxd5 10.
cxd5 Nd4 11. Bd3 g6 12. Be3 Bg7 13. Nc2 O-O 14. Qd2 Nxc2+ 15. Bxc2 f5 16. f3 Bf6 17. Bd3 Bh4+ 18. Bf2 Bxf2+ 19. Qxf2 fxe4 20. Bxe4 Qa5+ 21. Qd2 Qxd2+ 22. Kxd2 Bb7 23. Rhc1 Rfc8 24. Rxc8+ Rxc8 25. Rc1 Rxc1 26. Kxc1 Kf7 27.
b4 Kf6 28. Kd2 Kg5 29. Ke3 Kh4 30. f4 exf4+ 31. Kxf4 Bc8 32. Bf3 Bf5 33. h3 Bc2 34. g3 Kxh3 35. Bg4 Kg2 36. Bc8 h6 37. g4 g5+ 38. Ke3 Bd1 39.
Bxa6 Bxg4 40. Bxb5 h5 41. Bd3 h4 42. b5 h3 43. Be4+ Kg1 44. b6 Bc8 45. Kf3 h2 46. Kg3 h1=Q 47.
Bxh1 Kxh1 48. a4 Kg1 49. a5 Kf1 50.
a6 Bxa6 51. Kg4 Bb7 52. Kxg5 Bxd5 53. Kf6 Ba8 0-1

[Event "NJSK 2018 Jeugd A"]
[Site "Assen, Netherlands"]
[Date "2018.05.01"]
[Round "3.8"]
[White "Van Hoorn, Geert"]
[Black "De Boer, Bas"]
[Result "0-1"]
[TimeControl "40/90m+30m+30sec/move"]
[WhiteElo "2008"]
[BlackElo "2159"]

1. e4 c5 2. Nc3 Nc6 3. f4 g6 4.
Nf3 Bg7 5. Bb5 Nd4 6. O-O a6 7. Bd3 d6 8. Nxd4 cxd4 9. Ne2 Nf6 10. c3 dxc3 11. dxc3 O-O 12. Kh1 b5 13. a4 Bb7 14.
Ng3 h5 15. e5 dxe5 16. fxe5 Ng4 17. e6 fxe6 18. Qe2 Rxf1 19. Qxf1 Qxd3 0-1

[Event "NJSK 2018 Jeugd A"]
[Site "Assen, Netherlands"]
[Date "2018.05.01"]
[Round "3.9"]
[White "Gijsen, William"]
[Black "Bueno, Mark"]
[Result "1-0"]
[TimeControl "40/90m+30m+30sec/move"]
[WhiteElo "1825"]
[BlackElo "1999"]

1. d4 Nf6 2. Bf4 d5 3. e3 e6 4. Nd2 c5 5. c3 Nc6 6. Bd3 Be7 7. Ngf3 h6 8. Ne5 Nxe5 9. dxe5 Nd7 10.
O-O b6 11. e4 Nf8 12. Bg3 h5 13. f4 h4 14. Bf2 Qc7 15. exd5 exd5 16. Nf3 Bb7 17. b4 c4 18. Bf5 Rd8 19.
Nd4 Bc8 20. Bc2 g6 21. Qf3 Ne6 22. Rae1 Qb7 23. f5 gxf5 24. Bxf5 Nxd4 25. Bxd4 Be6 26. Bxe6 fxe6 27. Qf7+ Kd7 28.
Rf6 Qc6 29. b5 Qxb5 30. Qxe6+ Ke8 31. Ref1 Rd7 32. Rh6 1-0

[Event "NJSK 2018 Jeugd A"]
[Site "Assen, Netherlands"]
[Date "2018.05.02"]
[Round "4.1"]
[White "Warmerdam, Max"]
[Black "Van Baar, Esper"]
[Result "1-0"]
[TimeControl "40/90m+30m+30sec/move"]
[WhiteElo "2378"]
[BlackElo "2237"]

1. d4 Nf6 2. c4 e6 3. g3 d5 4. Nf3 dxc4 5. Bg2 c5 6. O-O Nc6 7. dxc5 Qxd1 8. Rxd1 Bxc5 9. Nbd2 Bxf2+ 10. Kxf2 Ng4+ 11. Kg1 Ne3 12. Re1 Nc2 13. Rb1 Nxe1 14. Nxe1 O-O 15. Nxc4 Rd8 16. Nd3 f6 17. Be3 Nd4 18.
Kf2 e5 19. Nc5 Rb8 20. Na5 Bf5 21. Rc1 b6 22. Bxd4 bxc5 23. Bc3 Rd7 24. b3 Rbd8 25. Nc6 Rc8 26. Bd5+ Kf8 27. e4 Bh3 28.
Ba5 Rd6 29. Nxa7 Ra6 30. Nxc8 Rxa5 31. b4 1-0

[Event "NJSK 2018 Jeugd A"]
[Site "Assen, Netherlands"]
[Date "2018.05.02"]
[Round "4.2"]
[White "Vrolijk, Liam"]
[Black "Kokje, Joris"]
[Result "1/2-1/2"]
[TimeControl "40/90m+30m+30sec/move"]
[WhiteElo "2432"]
[BlackElo "2265"]

1. e4 c5 2. Nf3 d6 3. d4 cxd4 4. Nxd4 Nf6 5. Nc3 a6 6. h3 e6 7. g4 h6 8. Bg2 g5 9. b3 Nbd7 10.
Bb2 Ne5 11. Qd2 Nfd7 12. O-O-O b5 13. Nf5 exf5 14. exf5 Rb8 15. h4 Rg8 16. Rhe1 Bb7 17. Bxb7 Rxb7 18. Nd5 Rb8 19. Bc3 Rb7 20.
Kb1 f6 21. Nxf6+ Qxf6 22. Qd5 Rc7 23. Ba5 Rc8 24. Qxg8 Qf7 25. Qh8 Qf6 26. Qxf6 Nxf6 27. hxg5 hxg5 28. Bb4 Rc6 29. f4 gxf4 30.
g5 Nfg4 31. Rd4 f3 32. Rxg4 f2 33. Rg3 fxe1=Q+ 34. Bxe1 Kf7 35. Rh3 Rc5 36. g6+ Nxg6 37. fxg6+ Kxg6 38. Bc3 Kf7 39. Kb2 Be7 40.
Rh8 Ke6 41. Rh7 Rf5 42. Bd4 Rf7 43. Rh3 Kd5 44. Rd3 Kc6 45. Rc3+ Kd5 46. Rd3 Kc6 47. Rc3+ Kd5 1/2-1/2